| TOP OF THE 1ST |
|
Milwaukee Brewers batting - Pitching for Cincinnati Reds : RHP Matt Johnson
|
|
Pitching: RHP Matt Johnson
|
|
|
Batting: RHB Akitada Nishizawa
|
0-0: Called Strike 0-1: Foul Ball, location: 2F 0-2: Ball 1-2: Foul Ball, location: 2F 1-2: Foul Ball, location: 2F 1-2: Strikes out looking
|
|
Batting: SHB Junzo Kato
|
0-0: Ball 1-0: Ball 2-0: Foul Ball, location: 2F 2-1: Ball 3-1: Base on Balls
|
|
Batting: SHB Lewis Thorpe Jr.
|
0-0: Called Strike 0-1: Called Strike 0-2: Ball 1-2: Ball 2-2: Grounds into double play, 4-6-3 (Groundball, 34D, EV 87.5 MPH)
|
| Top of the 1st over - 0 runs, 0 hits, 0 errors, 0 left on base; Milwaukee 0 - Cincinnati 0 |
| BOTTOM OF THE 1ST |
|
Cincinnati Reds batting - Pitching for Milwaukee Brewers : RHP Javy Uribe
|
|
Pitching: RHP Javy Uribe
|
|
|
Batting: SHB Dave Barefoot
|
0-0: Ball 1-0: Foul Ball, location: 2F 1-1: Ball 2-1: Foul Ball, location: 2F 2-2: Strikes out looking
|
|
Batting: RHB Steve Castleberry
|
0-0: Called Strike 0-1: Ball 1-1: Ball 2-1: Ground out 6-3 (Groundball, 56, EV 83.1 MPH)
|
|
Batting: SHB Jun Tsuda
|
0-0: Called Strike 0-1: Ball 1-1: Called Strike 1-2: Strikes out swinging
|
| Bottom of the 1st over - 0 runs, 0 hits, 0 errors, 0 left on base; Milwaukee 0 - Cincinnati 0 |
| TOP OF THE 2ND |
|
Milwaukee Brewers batting - Pitching for Cincinnati Reds : RHP Matt Johnson
|
|
Batting: LHB Eric Klasek
|
0-0: Called Strike 0-1: Swinging Strike 0-2: Foul Ball, location: 2F 0-2: Ball 1-2: Ball 2-2: Foul Ball, location: 2F 2-2: Ball 3-2: Fly out, F9 (Line Drive, 9S, EV 95.0 MPH)
|
|
Batting: SHB Pat Wilson
|
0-0: Foul Ball, location: 2F 0-1: Fly out, F8 (Flyball, 8LM, EV 91.2 MPH)
|
|
Batting: RHB Ryan Neal
|
0-0: Called Strike 0-1: Fly out, F9 (Flyball, 89S, EV 90.0 MPH)
|
| Top of the 2nd over - 0 runs, 0 hits, 0 errors, 0 left on base; Milwaukee 0 - Cincinnati 0 |
| BOTTOM OF THE 2ND |
|
Cincinnati Reds batting - Pitching for Milwaukee Brewers : RHP Javy Uribe
|
|
Batting: LHB Chris Grunwald
|
0-0: Swinging Strike 0-1: Ball 1-1: Ball 2-1: Ball 3-1: Called Strike 3-2: Foul Ball, location: 2F 3-2: Fly out, F7 (Flyball, 7D, EV 81.2 MPH)
|
|
Batting: LHB Antonio Figueroa
|
0-0: Ball 1-0: Ball 2-0: Ball 3-0: Called Strike 3-1: Swinging Strike 3-2: Base on Balls
|
|
Batting: RHB Willie Lazcano
|
0-0: Ball 1-0: Ball 2-0: Ball 3-0: Called Strike 3-1: Swinging Strike 3-2: Foul Ball, location: 2F 3-2: Fly out, F9 (Flyball, 9S, EV 76.2 MPH)
|
|
Batting: RHB Joseph Kirchmann
|
0-0: Ball 1-0: Ball 2-0: Foul Ball, location: 2F 2-1: Ball 3-1: Called Strike 3-2: Strikes out swinging
|
| Bottom of the 2nd over - 0 runs, 0 hits, 0 errors, 1 left on base; Milwaukee 0 - Cincinnati 0 |
| TOP OF THE 3RD |
|
Milwaukee Brewers batting - Pitching for Cincinnati Reds : RHP Matt Johnson
|
|
Batting: RHB Noah Stanley
|
0-0: Called Strike 0-1: Swinging Strike 0-2: Ball 1-2: Foul Ball, location: 2F 1-2: Foul Ball, location: 2F 1-2: Ground out 5-3 (Groundball, 56, EV 108.8 MPH)
|
|
Batting: RHB Kisho Ito
|
0-0: Called Strike 0-1: DOUBLE (Flyball, 7LD, EV 90.0 MPH)
|
|
Batting: RHB Ben Campbell
|
0-0: Called Strike 0-1: Foul Ball, location: 2F 0-2: Fly out, F9 (Flyball, 89M, EV 78.8 MPH)
|
|
Batting: RHB Akitada Nishizawa
|
0-0: Ball 1-0: Foul Ball, location: 2F 1-1: Called Strike 1-2: Foul Ball, location: 2F 1-2: Fly out, F9 (Line Drive, 9, EV 86.9 MPH)
|
| Top of the 3rd over - 0 runs, 1 hit, 0 errors, 1 left on base; Milwaukee 0 - Cincinnati 0 |
| BOTTOM OF THE 3RD |
|
Cincinnati Reds batting - Pitching for Milwaukee Brewers : RHP Javy Uribe
|
|
Batting: LHB Jon Ledesma
|
0-0: Ground out 4-3 (Groundball, 4, EV 91.2 MPH)
|
|
Batting: RHB Takanibu Kaneshiro
|
0-0: Ball 1-0: Foul Ball, location: 2F 1-1: Foul Ball, location: 2F 1-2: Ball 2-2: Foul Ball, location: 2F 2-2: Ball 3-2: SINGLE (Groundball, 6MD, EV 101.2 MPH)
|
|
Batting: SHB Dave Barefoot
|
0-0: Grounds into double play, 4-6-3 (Groundball, 4, EV 81.9 MPH)
|
| Bottom of the 3rd over - 0 runs, 1 hit, 0 errors, 0 left on base; Milwaukee 0 - Cincinnati 0 |
| TOP OF THE 4TH |
|
Milwaukee Brewers batting - Pitching for Cincinnati Reds : RHP Matt Johnson
|
|
Batting: SHB Junzo Kato
|
0-0: Called Strike 0-1: Ground out 4-3 (Groundball, 4, EV 85.6 MPH)
|
|
Batting: SHB Lewis Thorpe Jr.
|
0-0: Ball 1-0: Called Strike 1-1: Hit by Pitch
|
|
Batting: LHB Eric Klasek
|
0-0: Ball 1-0: Ball 2-0: TRIPLE (Flyball, 7LD, EV 98.1 MPH) Lewis Thorpe Jr. scores
|
|
Batting: SHB Pat Wilson
|
0-0: Foul Ball, location: 2F 0-1: Ground out 4-3 (Groundball, 4, EV 87.5 MPH) Eric Klasek scores
|
|
Batting: RHB Ryan Neal
|
0-0: Ground out 6-3 (Groundball, 6S, EV 71.9 MPH)
|
| Top of the 4th over - 2 runs, 1 hit, 0 errors, 0 left on base; Milwaukee 2 - Cincinnati 0 |
| BOTTOM OF THE 4TH |
|
Cincinnati Reds batting - Pitching for Milwaukee Brewers : RHP Javy Uribe
|
|
Batting: RHB Steve Castleberry
|
0-0: Ball 1-0: Swinging Strike 1-1: Ground out 4-3 (Groundball, 4, EV 78.8 MPH)
|
|
Batting: SHB Jun Tsuda
|
0-0: Ball 1-0: Called Strike 1-1: Ball 2-1: Called Strike 2-2: Foul Ball, location: 2F 2-2: Foul Ball, location: 2F 2-2: Ground out 4-3 (Groundball, 34, EV 92.5 MPH)
|
|
Batting: LHB Chris Grunwald
|
0-0: Called Strike 0-1: Ball 1-1: Ball 2-1: Called Strike 2-2: Strikes out swinging
|
| Bottom of the 4th over - 0 runs, 0 hits, 0 errors, 0 left on base; Milwaukee 2 - Cincinnati 0 |
| TOP OF THE 5TH |
|
Milwaukee Brewers batting - Pitching for Cincinnati Reds : RHP Matt Johnson
|
|
Batting: RHB Noah Stanley
|
0-0: Called Strike 0-1: Called Strike 0-2: Ground out 1-3 (Groundball, 23, EV 66.2 MPH)
|
|
Batting: RHB Kisho Ito
|
0-0: Foul Ball, location: 2F 0-1: Ball 1-1: Foul Ball, location: 2F 1-2: Strikes out swinging
|
|
Batting: RHB Ben Campbell
|
0-0: Ball 1-0: Ball 2-0: Foul Ball, location: 2F 2-1: Ball 3-1: Fly out, F7 (Flyball, 78S, EV 78.1 MPH)
|
| Top of the 5th over - 0 runs, 0 hits, 0 errors, 0 left on base; Milwaukee 2 - Cincinnati 0 |
| BOTTOM OF THE 5TH |
|
Cincinnati Reds batting - Pitching for Milwaukee Brewers : RHP Javy Uribe
|
|
Batting: LHB Antonio Figueroa
|
0-0: Called Strike 0-1: Swinging Strike 0-2: Strikes out swinging
|
|
Batting: RHB Willie Lazcano
|
0-0: Ball 1-0: Called Strike 1-1: Ball 2-1: Fly out, F7 (Flyball, 7D, EV 99.4 MPH)
|
|
Batting: RHB Joseph Kirchmann
|
0-0: Swinging Strike 0-1: Ball 1-1: Ball 2-1: Ball 3-1: Called Strike 3-2: Ground out 1-3 (Groundball, 34S, EV 69.4 MPH)
|
| Bottom of the 5th over - 0 runs, 0 hits, 0 errors, 0 left on base; Milwaukee 2 - Cincinnati 0 |
| TOP OF THE 6TH |
|
Milwaukee Brewers batting - Pitching for Cincinnati Reds : RHP Matt Johnson
|
|
Batting: RHB Akitada Nishizawa
|
0-0: Ball 1-0: Ball 2-0: Called Strike 2-1: Foul Ball, location: 2F 2-2: Ball 3-2: Foul Ball, location: 2F 3-2: Base on Balls
|
|
Batting: SHB Junzo Kato
|
0-0: Swinging Strike 0-1: 2-RUN HOME RUN (Flyball, 8RXD, EV 115.6 MPH), Distance : 433 ft
|
|
Batting: SHB Lewis Thorpe Jr.
|
0-0: Ball 1-0: Ball 2-0: Foul Ball, location: 2F 2-1: Ground out 4-3 (Groundball, 4M, EV 81.2 MPH)
|
|
Batting: LHB Eric Klasek
|
0-0: Ball 1-0: Called Strike 1-1: Fly out, F5 (Line Drive, 5L, EV 75.0 MPH)
|
|
Batting: SHB Pat Wilson
|
0-0: Ball 1-0: Called Strike 1-1: Foul Ball, location: 2F 1-2: Ball 2-2: Foul Ball, location: 2F 2-2: Strikes out swinging
|
| Top of the 6th over - 2 runs, 1 hit, 0 errors, 0 left on base; Milwaukee 4 - Cincinnati 0 |
| BOTTOM OF THE 6TH |
|
Cincinnati Reds batting - Pitching for Milwaukee Brewers : RHP Javy Uribe
|
|
Pitching: LHP Jamie Blake
|
|
|
Batting: LHB Jon Ledesma
|
0-0: Ball 1-0: Ball 2-0: Ball 3-0: Base on Balls
|
|
Batting: RHB Takanibu Kaneshiro
|
0-0: Grounds into double play, 4-6-3 (Groundball, 34S, EV 80.6 MPH)
|
|
Batting: SHB Dave Barefoot
|
0-0: Ball 1-0: Called Strike 1-1: Foul Ball, location: 2F 1-2: Ball 2-2: Ball 3-2: TRIPLE (Line Drive, 89XD, EV 108.1 MPH)
|
|
Batting: RHB Steve Castleberry
|
0-0: Ball 1-0: Ball 2-0: Called Strike 2-1: Ball 3-1: Swinging Strike 3-2: DOUBLE (Line Drive, 3D, EV 102.5 MPH) Dave Barefoot scores
|
|
Batting: SHB Jun Tsuda
|
0-0: Foul Ball, location: 2F 0-1: Ball 1-1: Ball 2-1: Foul Ball, location: 2F 2-2: SINGLE (Line Drive, 56D, EV 103.1 MPH) Steve Castleberry to third
|
|
Batting: LHB Chris Grunwald
|
0-0: Ball 1-0: Called Strike 1-1: Swinging Strike 1-2: 3-RUN HOME RUN (Flyball, 9LD, EV 100.6 MPH), Distance : 364 ft
|
|
Pitching: LHP Angel Contreras
|
|
|
Batting: RHB Fred Slade
|
0-0: Ground out 5-3 (Groundball, 56, EV 89.4 MPH)
|
| Bottom of the 6th over - 4 runs, 4 hits, 0 errors, 0 left on base; Milwaukee 4 - Cincinnati 4 |
| TOP OF THE 7TH |
|
Milwaukee Brewers batting - Pitching for Cincinnati Reds : RHP Matt Johnson
|
|
Batting: RHB Ryan Neal
|
0-0: SINGLE (Line Drive, 6MD, EV 108.8 MPH)
|
|
Batting: RHB Noah Stanley
|
0-0: Ball Ryan Neal is caught stealing 2nd base 2-4 1-0: Ball 2-0: Foul Ball, location: 2F 2-1: Swinging Strike 2-2: Ball 3-2: Strikes out swinging
|
|
Batting: RHB Kisho Ito
|
0-0: Called Strike 0-1: Swinging Strike 0-2: Ball 1-2: Foul Ball, location: 2F 1-2: Ball 2-2: Strikes out swinging
|
| Top of the 7th over - 0 runs, 1 hit, 0 errors, 0 left on base; Milwaukee 4 - Cincinnati 4 |
| BOTTOM OF THE 7TH |
|
Cincinnati Reds batting - Pitching for Milwaukee Brewers : LHP Angel Contreras
|
|
Batting: RHB Willie Lazcano
|
0-0: Called Strike 0-1: Foul Ball, location: 2F 0-2: Foul Ball, location: 2F 0-2: Ball 1-2: Ground out 4-3 (Groundball, 4, EV 81.2 MPH)
|
|
Batting: RHB Joseph Kirchmann
|
0-0: Ball 1-0: Ball 2-0: Ball 3-0: Base on Balls
|
|
Batting: LHB Jon Ledesma
|
0-0: Ball 1-0: Foul Ball, location: 2F 1-1: Ball 2-1: Fly out, F7 (Flyball, 7D, EV 89.4 MPH)
|
|
Batting: RHB Takanibu Kaneshiro
|
0-0: Called Strike 0-1: Swinging Strike 0-2: Ball Joseph Kirchmann steals 2nd, throwing error, E2 Joseph Kirchmann to third 1-2: Fly out, F4 (Flyball, 34D, EV 87.5 MPH)
|
| Bottom of the 7th over - 0 runs, 0 hits, 1 error, 1 left on base; Milwaukee 4 - Cincinnati 4 |
| TOP OF THE 8TH |
|
Milwaukee Brewers batting - Pitching for Cincinnati Reds : RHP Matt Johnson
|
|
Pitching: RHP Justin Ambrose
|
|
|
Batting: RHB Ben Campbell
|
0-0: Foul Ball, location: 2F 0-1: Ground out 4-3 (Groundball, 34, EV 98.1 MPH)
|
|
Batting: RHB Akitada Nishizawa
|
0-0: Called Strike 0-1: Ball 1-1: Called Strike 1-2: Ball 2-2: Ball 3-2: Base on Balls
|
|
Batting: SHB Junzo Kato
|
0-0: Called Strike 0-1: Ball 1-1: Ball 2-1: Ball 3-1: Foul Ball, location: 2F 3-2: Base on Balls Akitada Nishizawa to second
|
|
Batting: SHB Lewis Thorpe Jr.
|
0-0: Called Strike 0-1: Called Strike 0-2: Ball 1-2: Ball 2-2: Ball 3-2: Fly out, F8 (Flyball, 89M, EV 90.6 MPH)
|
|
Batting: LHB Eric Klasek
|
0-0: Ball 1-0: Ball 2-0: Swinging Strike 2-1: Ground out 1-3 (Groundball, 13S, EV 66.2 MPH)
|
| Top of the 8th over - 0 runs, 0 hits, 0 errors, 2 left on base; Milwaukee 4 - Cincinnati 4 |
| BOTTOM OF THE 8TH |
|
Cincinnati Reds batting - Pitching for Milwaukee Brewers : LHP Angel Contreras
|
|
Batting: SHB Dave Barefoot
|
0-0: Ball 1-0: Swinging Strike 1-1: Foul Ball, location: 2F 1-2: Strikes out swinging
|
|
Batting: RHB Steve Castleberry
|
0-0: Swinging Strike 0-1: Foul Ball, location: 2F 0-2: Fly out, F3 (Popup, 23F, EV 80.0 MPH)
|
|
Batting: SHB Jun Tsuda
|
0-0: Ball 1-0: Ball 2-0: Ball 3-0: Base on Balls
|
|
Batting: LHB Chris Grunwald
|
0-0: Called Strike 0-1: Ball 1-1: Called Strike Jun Tsuda steals 2nd base 1-2: Strikes out looking
|
| Bottom of the 8th over - 0 runs, 0 hits, 0 errors, 1 left on base; Milwaukee 4 - Cincinnati 4 |
| TOP OF THE 9TH |
|
Milwaukee Brewers batting - Pitching for Cincinnati Reds : RHP Justin Ambrose
|
|
Pitching: RHP Junpei Yamazaki
|
|
|
Batting: SHB Pat Wilson
|
0-0: Ground out 1-3 (Groundball, 25, EV 70.6 MPH)
|
|
Batting: RHB Ryan Neal
|
0-0: SINGLE (Line Drive, 56D, EV 98.8 MPH)
|
|
Batting: RHB Noah Stanley
|
0-0: Foul Ball, location: 2F 0-1: Foul Ball, location: 2F 0-2: Ball 1-2: Strikes out swinging
|
|
Batting: RHB Kisho Ito
|
0-0: Foul Ball, location: 2F 0-1: SINGLE (Groundball, 5S, EV 73.1 MPH) (infield hit) Ryan Neal to second
|
|
Pinch Hitting: LHB Ernesto Cedillos
|
0-0: Ball 1-0: Foul Ball, location: 2F 1-1: Ball 2-1: Foul Ball, location: 2F 2-2: Ground out 4-3 (Groundball, 34, EV 83.1 MPH)
|
| Top of the 9th over - 0 runs, 2 hits, 0 errors, 2 left on base; Milwaukee 4 - Cincinnati 4 |
| BOTTOM OF THE 9TH |
|
Cincinnati Reds batting - Pitching for Milwaukee Brewers : LHP Angel Contreras
|
|
Pitching: RHP John Owens
|
|
|
Now at C: Colin Boddy
|
|
|
Batting: RHB Fred Slade
|
0-0: SINGLE (Line Drive, 8LS, EV 111.9 MPH)
|
|
Batting: RHB Willie Lazcano
|
0-0: Called Strike 0-1: Called Strike 0-2: Strikes out looking
|
|
Batting: RHB Joseph Kirchmann
|
0-0: Ball Fred Slade steals 2nd base 1-0: Foul Ball, location: 2F 1-1: Foul Ball, location: 2F 1-2: Ball 2-2: Ball 3-2: Foul Ball, location: 2F 3-2: Foul Ball, location: 2F 3-2: Fly out, F9 (Flyball, 89S, EV 75.0 MPH)
|
|
Batting: LHB Jon Ledesma
|
0-0: Intentional Walk
|
|
Pinch Hitting: LHB Ricky Ayon
|
0-0: Ball 1-0: Ball 2-0: Ball 3-0: Called Strike 3-1: Base on Balls Fred Slade to third Jon Ledesma to second
|
|
Batting: SHB Dave Barefoot
|
0-0: Ball 1-0: Called Strike 1-1: Hit by Pitch Fred Slade scores Jon Ledesma to third Ricky Ayon to second
|
| Bottom of the 9th over - 1 run, 1 hit, 0 errors, 3 left on base; Milwaukee 4 - Cincinnati 5 |
|